 Dungeon Crawl Stone Soup version 0.17-a0-1056-g838d5c0 (webtiles) character file.

22946 Lugonue the Carver (level 13, 0/105 HPs)
             Began as a Vine Stalker Skald on May 16, 2015.
             Was the Champion of Okawaru.
             Slain by a blink frog (6 damage)
             ... on level 4 of the Lair of Beasts.
             The game lasted 01:12:49 (12801 turns).

Lugonue the Carver (Vine Stalker Skald)            Turns: 12801, Time: 01:12:51

Health: 0/105      AC: 10    Str: 20    XL:     13   Next: 3%
Magic:  0/27       EV: 14    Int: 20    God:    Okawaru [******]
Gold:   577        SH:  0    Dex: 17    Spells: 8 memorised, 11 levels left

rFire  + + .     SeeInvis .     x - +7 great sword "Dyotuts" {slice, *Drain rF+ rN+ Int+6}
rCold  . . .     Clarity  .     n - +3 leather armour "Wufat" {rElec rPois rF+}
rNeg   + . .     SustAb   .     (no shield)
rPois  +         Gourm    .     (helmet restricted)
rElec  +         Spirit   +     m - +0 cloak
rCorr  .         Warding  .     (no gloves)
rMut   .         Stasis   .     l - +1 pair of boots
MR     +....                    k - amulet of faith
Stlth  ..........               (no ring)
                                f - +2 ring of slaying

@: berserking, lethally poisoned (0 -> 0), about to teleport, slowed, somewhat
resistant to hostile enchantments, extremely unstealthy
A: antennae 1, fangs 3, icy blue scales 1, sense surroundings 1, regeneration 3,
magic shield, antimagic bite, no device heal 3, rot immunity, subdued magic 1
a: Heroism, Finesse, Renounce Religion


You were on level 4 of the Lair of Beasts.
You worshipped Okawaru.
Okawaru was exalted by your worship.
You were not hungry.

You visited 3 branches of the dungeon, and saw 16 of its levels.

You collected 853 gold pieces.
You spent 276 gold pieces at shops.

Inventory:

Hand weapons
 a - a +0 falchion
 b - a +4 dagger of venom
 q - a +0 short sword of draining
 x - the +7 great sword "Dyotuts" (weapon) {slice, *Drain rF+ rN+ Int+6}
   (You bought it in a shop on level 6 of the Dungeon)

   It inflicts extra damage upon your enemies.
   It affects your intelligence (+6).
   It protects you from fire.
   It protects you from negative energy.
   It causes draining when unequipped.
Missiles
 y - 2 throwing nets (quivered)
 I - 2 silver javelins
Armour
 l - a +1 pair of boots (worn)
 m - a +0 cloak (worn)
 n - the +3 leather armour "Wufat" (worn) {rElec rPois rF+}
   (You found it on level 5 of the Dungeon)

   It protects you from fire.
   It insulates you from electricity.
   It protects you from poison.
Jewellery
 f - a +2 ring of slaying (left hand)
 h - the amulet of Mourypp {Stasis rElec}
   (You found it on level 5 of the Dungeon)

   [amulet of stasis]

   It prevents you from being teleported, slowed, hasted or paralysed.
   It insulates you from electricity.
 k - an amulet of faith (around neck)
 r - a cursed amulet of inaccuracy {unknown}
 N - an uncursed ring of poison resistance
 V - a cursed amulet of inaccuracy {unknown}
 X - a cursed amulet of inaccuracy {unknown}
Magical devices
 A - a wand of cold (13)
 D - a wand of draining (7)
 G - a wand of flame (18)
 H - a wand of paralysis (16)
 M - a wand of frost (23)
 P - a wand of random effects (26)
 Q - a wand of random effects (10)
 W - a wand of polymorph (17)
Scrolls
 e - a scroll of identify
 g - 3 scrolls of amnesia
 j - 7 scrolls of remove curse
 o - a scroll of fog
 R - 2 scrolls of silence
 S - a scroll of enchant armour
 T - a scroll of recharging
Potions
 i - a potion of resistance
 p - 2 potions of might
 s - 3 potions of cure mutation
 v - 4 potions of haste
 w - a potion of magic
 z - 3 potions of curing
 B - a potion of agility
 E - 2 potions of ambrosia
 O - a potion of brilliance
Books
 c - a book of Transfigurations

   Spells                             Type                      Level
   a - Stoneskin                      Transmutation/Earth          2
   b - Irradiate                      Conjuration/Transmutation    5
   c - Statue Form                    Transmutation/Earth          6
   d - Hydra Form                     Transmutation                6
   e - Dragon Form                    Transmutation                7
 u - a book of Power

   Spells                             Type                      Level
   a - Fulminant Prism                Conjuration/Hexes            4
   b - Iskenderun's Mystic Blast      Conjuration                  4
   c - Venom Bolt                     Conjuration/Poison           5
   d - Bolt of Magma                  Conjuration/Fire/Earth       5
   e - Iron Shot                      Conjuration/Earth            6
   f - Orb of Destruction             Conjuration                  7
   g - Spellforged Servitor           Conjuration/Summoning        7
 K - a book of Clouds

   Spells                             Type                      Level
   a - Mephitic Cloud                 Conjuration/Poison/Air       3
   b - Conjure Flame                  Conjuration/Fire             3
   c - Poisonous Cloud                Conjuration/Poison/Air       6
   d - Freezing Cloud                 Conjuration/Ice/Air          6
   e - Ring of Flames                 Charms/Fire                  7
Miscellaneous
 Y - a lamp of fire (inert)
Comestibles
 d - 10 bread rations
 t - 3 chunks of flesh
 J - 4 meat rations
 L - 2 beef jerkies
 U - 11 royal jellies


   Skills:
 + Level 9.1 Fighting
 - Level 12.0 Long Blades
 - Level 3.0 Armour
 - Level 3.6 Dodging
 - Level 1.6 Stealth
 + Level 9.2 Spellcasting
 - Level 9.1 Charms
 - Level 3.8 Translocations


You had 11 spell levels left.
You knew the following spells:

 Your Spells              Type           Power        Failure   Level  Hunger
a - Infusion              Chrm           ####..       1%          1    None
b - Shroud of Golubria    Chrm/Tloc      ###.......   1%          2    None
c - Spectral Weapon       Hex/Chrm       ###.....     1%          3    None
d - Regeneration          Chrm/Necr      ###.......   1%          3    None
e - Song of Slaying       Chrm           ####....     1%          2    None
f - Mephitic Cloud        Conj/Pois/Air  #.......     17%         3    None
g - Conjure Flame         Conj/Fire      #.......     17%         3    None
h - Stoneskin             Trmt/Erth      #.......     7%          2    None


Dungeon Overview and Level Annotations

Branches:
Dungeon (11/15)            Temple (1/1) D:6            Lair (4/8) D:11
  Swamp: Lair:3-6    Shoals: Lair:3-6     Snake: Lair:3-6    Spider: Lair:3-6
    Orc: D:9-12

Altars:
Ashenzari
Cheibriados
Dithmenos
Elyvilon
Fedhas
Gozag
Kikubaaqudgha
Nemelex Xobeh
Okawaru
Qazlal
Ru
Trog
Vehumet
Xom
Yredelemnul
Zin
The Shining One
Lugonu

Shops:
D:6 ((*   D:9 [   D:10 [   D:11 *

Portals:
Abyss: D:1

Annotations:
D:5 Blork the orc
Lair:2 exclusion: ice statue
Lair:3 exclusion: hydra


Innate Abilities, Weirdness & Mutations

You have razor-sharp teeth.
You regenerate.
When hurt, damage is shared between your health and your magic reserves.
Your bite disrupts and absorbs the magic of your enemies.
Potions and wands cannot restore your health.
You are immune to rotting.
You have a pair of small antennae on your head.
You are partially covered in icy blue scales (AC +1).
You passively map a small area around you.
Your spells are a little easier to cast, but a little less powerful.


Message History

The blink frog hits you.
* * * LOW HITPOINT WARNING * * *
Being near the torpor snail leaves you feeling lethargic.
Read which item? (? for menu, Esc to quit)
Okay, then.
Drink which item? (? for menu, Esc to quit)
Okay, then.
Evoke which item? (* to show all) (? for menu, Esc to quit)
Okay, then.
Casting: Spectral Weapon
Confirm with . or Enter, or press ? or * to list all spells.
Okay, then.
Drink which item? (? for menu, Esc to quit)
A red film seems to cover your vision as you go berserk!
You feel yourself moving faster!
You feel mighty! The blink frog barely misses you. The blink frog hits you.
* * * LOW HITPOINT WARNING * * *
The blink frog blinks!
The blink frog closely misses you. The blink frog hits you.
You die...

*
**♣.....##.....P%%,
, #.P...†P....%%P% ,
#...†...P.F.%%%%
#..Pw.P......... ,,
###.##.†..........
#.##....#.........
##...†.....#######.*
##.....F§..## *
#......@F...#
##.....F...P#
#.........##
#.........#
#.........#
###....>.P#
##....### #.....#
#....#######


You could see a torpor snail and 4 blink frogs.

Vanquished Creatures
  A hydra (Lair:3)
  A spectral weapon (Lair:4)
  The ghost of HEYYEYAAE the Fighter, an experienced OpBe of Trog (D:7)
  A hill giant (D:11)
  The ghost of Protee the Magician, an experienced DsWz of Ru (D:8)
  An oklob plant (D:11)
  A cyclops (D:11)
  Joseph (D:7)
  A centaur zombie (D:11)
  5 elephants (Lair:3)
  A torpor snail (Lair:4)
  4 black mambas
  The ghost of HEYYEYAAE the Skirmisher, an experienced OpFi (D:4)
  A fire drake (Lair:3)
  2 komodo dragons
  3 spiny frogs
  A troll (D:10)
  A blue devil (Lair:2)
  5 blink frogs (Lair:3)
  The ghost of Baka the Covered, an average GrFi (D:3)
  A wraith (D:10)
  A deep elf mage (D:9)
  A spriggan (D:9)
  A basilisk (Lair:4)
  A shadow (D:11)
  6 yaks
  4 hippogriffs
  11 wolves
  9 porcupines
  8 water moccasins
  A wasp (D:9)
  4 phantoms
  12 ice beasts
  7 ogres
  3 sky beasts
  5 centaurs
  A necrophage (D:6)
  An eye of draining (D:11)
  4 crocodiles
  A big kobold (D:11)
  A gnoll sergeant (D:7)
  7 giant frogs
  34 killer bees
  3 scorpions
  6 wights
  A water moccasin skeleton (D:7)
  4 crimson imps
  A giant frog zombie (D:11)
  8 orc wizards
  2 giant frog skeletons (D:6)
  3 jellies
  3 centaur skeletons
  3 worker ants
  4 hell rats (Lair:3)
  6 hounds
  Natasha (D:3)
  7 iguanas
  3 orc priests
  10 sheep
  4 hound zombies
  A hound skeleton (D:5)
  A mummy (D:6)
  2 worker ant zombies
  Robin (D:2)
  12 adders
  18 gnolls
  16 river rats
  2 shadow imps
  A white imp (Lair:2)
  2 adder zombies
  2 oozes
  2 adder skeletons
  2 worms
  7 giant geckos
  18 orcs
  2 bat skeletons
  2 giant cockroaches
  15 hobgoblins
  3 quokkas
  A ball python (D:1)
  A ball python skeleton (D:4)
  13 bats
  A giant gecko skeleton (D:4)
  A giant gecko zombie (D:4)
  3 giant newts
  13 goblins
  20 jackals
  A jackal zombie (D:8)
  24 kobolds
  A quokka skeleton (D:7)
  11 rats
  A plant (D:11)
427 creatures vanquished.

Vanquished Creatures (collateral kills)
  3 killer bees
3 creatures vanquished.

Vanquished Creatures (others)
  A queen bee (Lair:1)
  A killer bee (D:11)
  7 spectral weapons
  A fungus (Lair:1)
10 creatures vanquished.

Grand Total: 440 creatures vanquished

Notes
Turn   | Place    | Note
--------------------------------------------------------------
     0 | D:1      | Lugonue the Vine Stalker Skald began the quest for the Orb.
     0 | D:1      | Reached XP level 1. HP: 11/11 MP: 4/4
   290 | D:1      | Reached XP level 2. HP: 12/15 MP: 3/6
   463 | D:1      | Learned a level 2 spell: Shroud of Golubria
   807 | D:1      | Found a corrupted altar of Lugonu.
   807 | D:1      | Found a one-way gate to the infinite horrors of the Abyss.
   807 | D:1      | Noticed an iron imp
   807 | D:1      | Noticed an iron imp
   807 | D:1      | Noticed a quasit
   807 | D:1      | Noticed an iron imp
   808 | D:1      | Noticed a quasit
   843 | D:1      | Reached skill level 1 in Dodging
   843 | D:1      | Reached XP level 3. HP: 18/18 MP: 7/7
  1029 | D:2      | Reached skill level 1 in Armour
  1173 | D:2      | Reached XP level 4. HP: 12/23 MP: 6/8
  1251 | D:2      | Noticed Robin
  1284 | D:2      | Killed Robin
  1502 | D:3      | Noticed Baka's ghost (average GrFi)
  1654 | D:2      | Gained mutation: You have a pair of small antennae on your head. [potion of mutation]
  1654 | D:2      | Gained mutation: Your spells are a little easier to cast, but a little less powerful. [potion of mutation]
  1654 | D:2      | Gained mutation: You evolve. [potion of mutation]
  1872 | D:3      | Noticed Natasha
  1883 | D:3      | Killed Natasha
  1883 | D:3      | Reached XP level 5. HP: 19/26 MP: 1/9
  2148 | D:4      | Reached skill level 1 in Translocations
  2186 | D:4      | Reached skill level 4 in Charms
  2231 | D:4      | Gained mutation: You heal very quickly. [Vine Stalker growth]
  2231 | D:4      | Reached XP level 6. HP: 19/30 MP: 4/11
  2310 | D:4      | Noticed HEYYEYAAE's ghost (experienced OpFi)
  2328 | D:4      | Found a glowing silver altar of Zin.
  2546 | D:4      | Gained mutation: You passively map a small area around you. [evolution]
  2570 | D:4      | Noticed an ogre
  2579 | D:4      | Killed an ogre
  2787 | D:4      | Killed HEYYEYAAE's ghost
  2787 | D:4      | Reached XP level 7. HP: 31/35 MP: 10/13
  3225 | D:3      | Gained mutation: You are partially covered in icy blue scales (AC +1). [evolution]
  4019 | D:5      | Entered Level 5 of the Dungeon
  4036 | D:5      | Reached skill level 1 in Stealth
  4101 | D:5      | Got a bound brass amulet
  4104 | D:5      | Identified the amulet of Mourypp {Stasis rElec} (You found it on level 5 of the Dungeon)
  4154 | D:5      | Gained mutation: You have razor-sharp teeth. [Vine Stalker growth]
  4154 | D:5      | Reached XP level 8. HP: 39/39 MP: 11/14
  4168 | D:5      | Reached skill level 5 in Charms
  4242 | D:5      | Got a bronze leather armour
  4253 | D:5      | Identified the +3 leather armour "Wufat" {rElec rPois rF+} (You found it on level 5 of the Dungeon)
  4292 | D:5      | Learned a level 3 spell: Spectral Weapon
  4302 | D:5      | Learned a level 3 spell: Regeneration
  4662 | D:3      | Killed Baka's ghost
  4796 | D:5      | Noticed Blork the orc
  4937 | D:6      | Found Yhapn's General Store.
  4957 | D:6      | Found Itica's Antique Weapon Emporium.
  4962 | D:6      | Bought a bone great sword for 276 gold pieces
  4962 | D:6      | Identified the +7 great sword "Dyotuts" {slice, *Drain rF+ rN+ Int+6} (You bought it in a shop on level 6 of the Dungeon)
  5147 | D:6      | Reached skill level 6 in Charms
  5164 | D:6      | Lost mutation: You evolve. [evolution]
  5234 | D:6      | Reached skill level 5 in Long Blades
  5234 | D:6      | Reached XP level 9. HP: 36/44 MP: 16/16
  5320 | D:6      | Found Paripp's Weapon Shoppe.
  5493 | D:6      | Found a staircase to the Ecumenical Temple.
  5499 | Temple   | Entered the Ecumenical Temple
  5533 | Temple   | Became a worshipper of Warmaster Okawaru
  5674 | D:6      | Found a snail-covered altar of Cheibriados.
  6043 | D:7      | Acquired Okawaru's first power
  6051 | D:7      | Reached skill level 7 in Charms
  6273 | D:7      | Noticed HEYYEYAAE's ghost (experienced OpBe)
  6290 | D:7      | Killed HEYYEYAAE's ghost
  6341 | D:7      | Reached skill level 8 in Long Blades
  6357 | D:7      | Found a stormy altar of Qazlal.
  6358 | D:7      | Noticed Joseph
  6362 | D:7      | Killed Joseph
  6362 | D:7      | Reached XP level 10. HP: 40/49 MP: 8/17
  7269 | D:8      | Noticed Protee's ghost (experienced DsWz)
  7279 | D:8      | Killed Protee's ghost
  7279 | D:8      | Reached skill level 9 in Long Blades
  7422 | D:8      | Learned a level 2 spell: Song of Slaying
  7427 | D:8      | Learned a level 3 spell: Mephitic Cloud
  7621 | D:8      | Found a shadowy altar of Dithmenos.
  7862 | D:8      | Found a bloodstained altar of Trog.
  7862 | D:8      | Found an ancient bone altar of Kikubaaqudgha.
  7863 | D:8      | Found a shadowy altar of Dithmenos.
  8025 | D:9      | Found a glowing golden altar of the Shining One.
  8164 | D:9      | Learned a level 3 spell: Conjure Flame
  8177 | D:9      | Found Edempoer's Antique Armour Shop.
  8231 | D:9      | Reached skill level 10 in Long Blades
  8668 | D:10     | Entered Level 10 of the Dungeon
  8793 | D:10     | Acquired Okawaru's second power
  8812 | D:10     | Found Unais's Antique Armour Boutique.
  8839 | D:10     | Reached skill level 11 in Long Blades
  8839 | D:10     | Reached XP level 11. HP: 46/52 MP: 16/18
  9132 | D:11     | Noticed a hill giant
  9141 | D:11     | Killed a hill giant
  9141 | D:11     | Received a gift from Okawaru
  9262 | D:11     | Found a staircase to the Lair.
  9459 | D:11     | Received a gift from Okawaru
  9497 | D:11     | Found Notuj's Assorted Antiques.
  9539 | D:11     | Reached skill level 12 in Long Blades
  9721 | D:11     | Noticed a five-headed hydra
 10160 | Lair:1   | Entered Level 1 of the Lair of Beasts
 10234 | Lair:1   | Reached skill level 5 in Spellcasting
 10979 | Lair:2   | Reached skill level 5 in Fighting
 10982 | Lair:2   | Gained mutation: You regenerate. [Vine Stalker growth]
 10982 | Lair:2   | Reached XP level 12. HP: 32/60 MP: 6/22
 11419 | Lair:2   | Noticed an ice statue
 11770 | Lair:3   | Noticed a seven-headed hydra
 11877 | Lair:3   | Received a gift from Okawaru
 11886 | Lair:3   | Received a gift from Okawaru
 11895 | Lair:3   | Got an encrusted scale mail {god gift}
 11917 | Lair:2   | Identified the +10 scale mail of the Thistle {rF+++ MR- Str+2 Int-2} (Okawaru gifted it to you on level 3 of the Lair of Beasts)
 12309 | Lair:3   | Noticed a six-headed hydra
 12322 | Lair:3   | Killed a ten-headed hydra
 12370 | Lair:3   | Learned a level 2 spell: Stoneskin
 12782 | Lair:4   | Reached XP level 13. HP: 6/70 MP: 5/27
 12801 | Lair:4   | Slain by a blink frog

Vault maps used:
D:1:      erik_arrival_cave_to_civilisation
D:2:      uniq_robin
D:3:      first_bread, uniq_natasha
D:4:      zin_statuary
D:5:      tgw_sif
D:6:      minmay_temple_entry_enclosed_plants, serial_shops, shop,
          nicolae_shop_overgrown_old_shop, shop, chei_slow_surprise
D:7:      grunt_qazlal_clouds, enter_ossuary_3, uniq_joseph
D:8:      gammafunk_temple_overflow_claw, basic_altar
D:9:      serial_shops, shop, the_bakery, tso_metal_star
D:10:     serial_shops, nicolae_shop_behind_doors, hex_intersection
D:11:     dpeg_oklobed_lair, serial_shops, shop, item_on_display_a
Temple:   circular_temple_13
Lair:1:   serial_bayou_pond_a
Lair:2:   ice2_lemuel
Lair:3:   serial_bayou_crossing
Lair:4:   nicolae_swamp_entry_splash_gauntlet, grunt_forest_large_clearing_hut,
          lemuel_fruit_tree

Action                   |  1- 3 |  4- 6 |  7- 9 | 10-12 | 13-15 || total
-------------------------+-------+-------+-------+-------+-------++-------
Melee: Falchion          |   120 |     4 |    57 |       |       ||   181
       Short sword       |     8 |    64 |       |       |       ||    72
       Dagger            |       |    90 |   229 |       |       ||   319
       Great sword       |       |       |   111 |   522 |     1 ||   634
 Cast: Shroud of Golubri |     8 |    12 |    36 |    45 |       ||   101
       Infusion          |     7 |    14 |    14 |    10 |       ||    45
       Spectral Weapon   |       |       |     4 |    25 |     1 ||    30
       Mephitic Cloud    |       |       |       |    22 |       ||    22
       Regeneration      |       |       |       |     4 |     1 ||     5
       Conjure Flame     |       |       |       |     2 |       ||     2
       Stoneskin         |       |       |       |     3 |       ||     3
Invok: Heroism           |       |       |     1 |     5 |       ||     6
Evoke: Wand              |       |       |       |     1 |       ||     1
       Lamp of fire      |       |       |       |     1 |       ||     1
  Use: Potion            |       |     3 |       |     5 |     1 ||     9
       Scroll            |       |     7 |     1 |    14 |     1 ||    23
 Stab: Distracted        |       |       |     2 |       |       ||     2
       Sleeping          |       |       |     1 |     7 |       ||     8
       Confused          |       |       |       |    10 |       ||    10
  Eat: Chunk             |     2 |     5 |     8 |    12 |       ||    27
       Pizza             |       |     1 |     1 |     3 |       ||     5
       Meat ration       |       |       |     1 |       |       ||     1
       Bread ration      |       |       |       |     1 |       ||     1
       Fruit             |       |       |       |     4 |       ||     4
